 Dungeon Crawl Stone Soup version 0.22.1-2-g9c5b331 (webtiles) character file.

207 diana the Sneak (level 5, 0/36 HPs)
             Began as a Spriggan Enchanter on Dec 30, 2018.
             Hit by a goblin thrown by Robin (1 damage)
             ... on level 3 of the Dungeon.
             The game lasted 00:04:26 (3145 turns).

diana the Sneak (Spriggan Enchanter)                Turns: 3145, Time: 00:04:27

Health: 0/36       AC:  2    Str: 10    XL:     5   Next: 54%
Magic:  11/12      EV: 20    Int: 17    God:
Gold:   96         SH:  0    Dex: 16    Spells: 11/12 levels left

rFire    . . .     SeeInvis +   i - +0 rapier
rCold    . . .     Gourm    .   (shield restricted)
rNeg     . . .     Faith    .   b - +0 robe
rPois    .         Spirit   .   (helmet restricted)
rElec    .         Reflect  .   (no cloak)
rCorr    .         Harm     .   (gloves unavailable)
MR       .....                  (boots unavailable)
Stlth    ..........             (no amulet)
HPRegen  0.12/turn              (no ring)
MPRegen  0.13/turn              (no ring)

@: berserking, very quick
A: very small, unfitting armour, see invisible, herbivore, speed 3, slow
metabolism 2
a: no special abilities


You were on level 3 of the Dungeon.
You were hungry.

You visited 1 branch of the dungeon, and saw 3 of its levels.

You collected 96 gold pieces.

Inventory:

Hand Weapons
 a - a +1 dagger
 i - a +0 rapier (weapon)
 n - a +0 vampiric dagger
Armour
 b - a +0 robe (worn)
Jewellery
 g - an uncursed amulet of guardian spirit {unknown}
Scrolls
 c - a scroll of fear {unknown}
 e - a scroll of enchant armour {unknown}
 f - a scroll of noise {unknown}
 h - 3 scrolls of identify {unknown}
 k - 2 scrolls of remove curse {unknown}
 l - a scroll of blinking {unknown}
 o - a scroll of immolation {unknown}
Potions
 j - a potion of flight {unknown}
 m - a potion of cancellation {unknown}
 q - a potion of degeneration {unknown}
Comestibles
 d - 5 rations


   Skills:
 + Level 2.7 Short Blades
 + Level 4.7 Dodging
 + Level 5.8 Stealth
 + Level 4.0 Spellcasting
 + Level 4.6 Hexes


You had 11 spell levels left.
You knew the following spells:

 Your Spells              Type           Power        Failure   Level  Hunger
a - Corona                Hex            ###....      2%          1    None

Your spell library contained the following spells:

 Spells                   Type           Power        Failure   Level  Hunger
 Confuse                  Hex            ###.....     7%          3    ###....
 Tukima's Dance           Hex            ###.....     7%          3    ###....
 Ensorcelled Hibernation  Hex/Ice        ##....       10%         2    ##.....
 Dazzling Spray           Conj/Hex       ##....       19%         3    ###....


Dungeon Overview and Level Annotations

Branches:
Dungeon (3/15)

Altars:
Makhleb
Zin

Annotations:
D:3 Jessica, Robin


Innate Abilities, Weirdness & Mutations

You are very small and have problems with some larger weapons.
You are too small for most types of armour.
You have supernaturally acute eyesight. (SInv)
You are a herbivore.
You cover ground extremely quickly.
You need to consume almost no food.


Message History

You puncture Natasha!
Natasha is severely wounded.
Robin roars a battlecry!
The goblin closely misses you.
You closely miss Natasha.
Natasha is severely wounded.
The rat misses you. Natasha claws you.
* * * LOW HITPOINT WARNING * * *
You closely miss Natasha.
Natasha is severely wounded.
The goblin closely misses you. The rat bites you but does no damage.
Natasha barely misses you.
Unknown command.
The goblin shouts!
You puncture Natasha!
You kill Natasha!
You feel Natasha's spirit has finally been put to rest.
Your Spellcasting skill increases to level 4!
Robin throws the goblin at you!
You die...

.......##.# #.. ............ #.
........###.## # ######.## #.# .#
.# #...# #.# .# .###.#.#####.#
###.### .#...........# #.....#
.#.#.##.###..###g#.#.# .#.#.##.#
#....†@..#.#
.#.#.##.###..##r..##.#
.#.#.##......##÷gg†..# #
...#.........##.S.############...
.#.############..÷g).r.ggS..!g...
#..# #..#########g###.## ..# #..#
#.# #.... #..# #.# ##.### #..#
#.#


You could see Robin, an adder, a hobgoblin, 2 goblins and a rat.

Vanquished Creatures
  Natasha (thrice) (D:3)
  4 adders
  3 oozes
  A dart slug (D:1)
  2 leopard geckos
  An orc (D:3)
  4 giant cockroaches
  18 goblins
  12 hobgoblins
  4 jackals (D:3)
  4 quokkas
  5 bats
  2 frilled lizards
  5 kobolds
  7 rats
75 creatures vanquished.

Notes
Turn   | Place    | Note
-------+----------+-------------------------------------------
     0 | D:1      | diana the Spriggan Enchanter began the quest for the Orb.
     0 | D:1      | Reached XP level 1. HP: 9/9 MP: 5/5
   291 | D:1      | Reached XP level 2. HP: 13/13 MP: 6/6
   676 | D:2      | Reached XP level 3. HP: 16/16 MP: 8/8
   805 | D:2      | Reached skill level 5 in Stealth
  1292 | D:2      | Found a burning altar of Makhleb.
  1397 | D:3      | Reached XP level 4. HP: 20/21 MP: 10/10
  1435 | D:3      | Noticed Robin
  1435 | D:3      | Noticed Jessica
  1673 | D:3      | Noticed Natasha
  1677 | D:3      | Killed Natasha
  1751 | D:3      | Noticed Natasha
  1772 | D:3      | Killed Natasha
  2106 | D:3      | Reached XP level 5. HP: 13/24 MP: 11/11
  2323 | D:3      | Noticed Natasha
  2814 | D:3      | Found a glowing silver altar of Zin.
  3143 | D:3      | HP: 1/36 [Natasha (6)]
  3145 | D:3      | Killed Natasha
  3145 | D:3      | Hit by a goblin thrown by Robin

Skill      XL: |  1  2  3  4  5 |
---------------+----------------+-----
Spellcasting   | 3 4 |  4.0
Hexes          | 4 |  4.6
Stealth        | 5 |  5.8
Short Blades   | 2 |  2.7
Dodging        | 4 |  4.7

Action                   |  1- 3 |  4- 6 || total
-------------------------+-------+-------++-------
Melee: Dagger            |   130 |   146 ||   276
       Rapier            |       |    59 ||    59
  Use: Potion            |       |     4 ||     4
 Stab: Sleeping          |    18 |     6 ||    24
       Distracted        |     1 |       ||     1
Armor: Robe              |    10 |    21 ||    31
Dodge: Dodged            |    93 |   190 ||   283
